 Dungeon Crawl Stone Soup version 0.29-a0-830-gcb1280458a (webtiles) character file.

Game seed: 2018503987107188474

42 LynnLen the Sneak (level 3, -1/20 HPs)
             Began as a Vampire Enchanter on July 11, 2022.
             Slain by a worm (10 damage)
             ... on level 2 of the Dungeon.
             The game lasted 00:04:14 (2040 turns).

LynnLen the Sneak (Vampire Enchanter)               Turns: 2040, Time: 00:04:14

Health: -1/20      AC:  2    Str:  7    XL:     3   Next: 35%
Magic:  6/6        EV: 12    Int: 17    God:
Gold:   72         SH:  0    Dex: 16    Spells: 6/6 levels left

rFire   . . .      SeeInvis +   a - +1 dagger
rCold   + + .      Faith    .   (no shield)
rNeg    + + +      Spirit   .   b - +0 robe
rPois   ∞          Reflect  .   (no helmet)
rElec   .          Harm     .   (no cloak)
rCorr   .          Rampage  .   (no gloves)
Will    .....                   (no boots)
Stlth   +++++.....              (no amulet)
HPRegen 0.00/turn               (no ring)
MPRegen 0.10/turn               (no ring)

@: bloodless, inhibited regen
A: bloodless, fangs 3, see invisible, vampiric 2
a: Bat Form, Revivify


You were on level 2 of the Dungeon.
You visited 1 branch of the dungeon, and saw 2 of its levels.

You collected 72 gold pieces.

Inventory:

Hand Weapons
 a - a +1 dagger (weapon)
Missiles
 j - 37 stones (quivered)
Armour
 b - a +0 robe (worn)
Jewellery
 d - an amulet of the acrobat
Scrolls
 i - a scroll of identify
Potions
 c - 2 potions of invisibility
 e - 3 potions of curing
 f - a potion of heal wounds
 g - a potion of mutation {unknown}
 h - a potion of attraction


   Skills:
 * Level 1.2 Fighting
 * Level 1.9 Short Blades
 + Level 2.3 Dodging
 + Level 5.5 Stealth
 - Level 2.0 Spellcasting
 - Level 4.4 Hexes


You had 6 spell levels left.
You didn't know any spells.
Your spell library contained the following spells:

 Spells                   Type           Power      Damage    Failure   Level
 Confusing Touch          Hex            16%        N/A       10%         3
 Tukima's Dance           Hex            16%        N/A       10%         3
 Ensorcelled Hibernation  Hex/Ice        18%        N/A       12%         2
 Dazzling Flash           Conj/Hex       18%        N/A       24%         3
 Conjure Flame            Conj/Fire      1%         6-21      50%         3
 Ignite Poison            Fire/Tmut/Pois 1%         N/A       50%         3
 Sticky Flame             Conj/Fire      1%         2d3       88%         4


Dungeon Overview and Level Annotations

Branches:
Dungeon (2/15)

Altars:


Innate Abilities, Weirdness & Mutations

You do not regenerate when monsters are visible.
You are frail without blood (-20% HP).
You can heal yourself when you bite living creatures.
You are immune to poison.
You have razor-sharp teeth.
You have supernaturally acute eyesight. (SInv)
You are afflicted with vampirism and can become a bat while bloodless.


Message History

You miss the goblin. The goblin closely misses you.
You closely miss the goblin. The goblin misses you.
You closely miss the goblin. The goblin hits you with a +0 dagger.
You miss the goblin. You bite the goblin, but do no damage.
The goblin hits you but does no damage.
You hit the goblin.
You kill the goblin!
Things that are here:
a +0 dagger; a goblin corpse
Things that are here:
a +0 dagger; a goblin corpse
There is an open door here.
Things that are here:
a +0 dagger; a goblin corpse The rat twitches its whiskers.
You hit the rat. Your bite misses the rat.
The rat is severely wounded.
The rat barely misses you.
You hit the rat.
You kill the rat!
You see here a rat corpse.
You see here a +0 scale mail.
You see here a +0 scale mail.
You see here a rat corpse.
Things that are here:
a +0 dagger; a goblin corpse
There is an open door here.
There is an open door here.
Okay, then.
The worm bites you!
You hit the worm. Your bite misses the worm.
The worm is lightly wounded.
The worm barely misses you.
You hit the worm.
The worm is lightly wounded.
You hit the worm.
The worm is moderately wounded.
The worm bites you!
Ouch! That really hurt!
You die...

#.#.#†##'#### #..# #
#.#.#.....# #
#.#.#.....#
.######+#.#.#.....#
..........#)#.....#
.........$#.##'#######
..........#.##........
..........#.......####
......w@..'.......#
###########.......#
#########


You could see a worm.

Vanquished Creatures
  An adder (D:2)
  A gnoll (D:1)
  An endoplasm (D:1)
  A giant cockroach (D:1)
  3 goblins
  3 hobgoblins (D:1)
  2 kobolds (D:1)
  A quokka (D:1)
  4 ball pythons (D:1)
  A bat (D:1)
  A frilled lizard (D:1)
  3 rats
22 creatures vanquished.

Notes
Turn   | Place    | Note
-------+----------+-------------------------------------------
     0 | D:1      | LynnLen the Vampire Enchanter began the quest for the Orb.
     0 | D:1      | Reached XP level 1. HP: 13/13 MP: 3/3
   759 | D:1      | Found a faded altar of an unknown god.
  1151 | D:1      | Reached XP level 2. HP: 16/16 MP: 5/5
  1277 | D:1      | Reached skill level 1 in Fighting
  1277 | D:1      | Reached skill level 5 in Stealth
  1595 | D:1      | Gained mutation: You are afflicted with vampirism and can
                  | become a bat while bloodless. [Vampire growth]
  1595 | D:1      | Reached XP level 3. HP: 17/20 MP: 6/6
  2040 | D:2      | Slain by a worm

Illustrated notes

Levels and vault maps discovered:
D:1:      psy_arrival_radial01, layout_loops_corners,
          nicolae_ecumenical_snake_handling, dk_noncrumbling_2, minivault_26
D:2:      layout_basic

Skill      XL: |  1  2 |
---------------+-------+-----
Fighting       | 1 |  1.2
Stealth        | 5 |  5.5
Short Blades   | |  1.9
Dodging        | |  2.3
Spellcasting   | |  2.0
Hexes          | |  4.4

Action                   || total
-------------------------++-------
Melee: Dagger            ||    57
       Bite              ||     4
 Abil: Exsanguinate      ||     1
  Use: Scroll            ||     5
 Stab: Sleeping          ||    12
Armor: Robe              ||     6
Dodge: Dodged            ||    25

Table legend: (Time is in decaauts)
 A = Elapsed time spent in this place.
 B = Non-inter-level travel time spent in this place.
 C = Inter-level travel time spent in this place.
 D = Time resting spent in this place.
 E = Time spent auto-exploring this place.
 F = Levels seen in this place.
 G = Mean time per level.
                   A        B        C        D        E       F      G
               +--------+--------+--------+--------+--------+-----+--------+
         Total |   2035 |   2035 |      0 |    293 |   1346 |   2 | 1017.5 |
       Dungeon |   2035 |   2035 |      0 |    293 |   1346 |   2 | 1017.5 |
               +--------+--------+--------+--------+--------+-----+--------+

Top non-repeatable levels by time:
     D:1: 1900 daAuts
     D:2: 134 daAuts
